 Dungeon Crawl Stone Soup version 0.27.0-1-g7a089689b8 (webtiles) character file.

Game seed: 369121998722856278

26296 freelancePsychic the Thaumaturge (level 12, 0/94 HPs)
             Began as a Mummy Conjurer on Aug 16, 2021.
             Was an Initiate of Gozag.
             Slain by a cane toad (6 damage)
             ... while petrified by a basilisk
             ... on level 4 of the Lair of Beasts.
             The game lasted 00:36:31 (18837 turns).

freelancePsychic the Thaumaturge (Mummy Conjurer)  Turns: 18837, Time: 00:36:31

Health: 0/94       AC:  7    Str: 10    XL:     12   Next: 97%
Magic:  2/27       EV:  2    Int: 23    God:    Gozag
Gold:   1704       SH:  0    Dex: 10    Spells: 15/33 levels left

rFire    . . .     SeeInvis .   k - staff of conjuration
rCold    + . .     Faith    .   f - +0 buckler
rNeg     + + +     Spirit   .   a - +0 robe
rPois    ∞         Reflect  +   y - +0 helmet
rElec    .         Harm     .   r - +2 cloak
rCorr    .         Rampage  .   A - +0 pair of gloves
Will     +....                  (no boots)
Stlth    ++........             d - amulet of reflection
HPRegen  0.25/turn              c - ring of protection from fire
MPRegen  0.20/turn              h - +4 ring of evasion

@: petrified
A: cold resistance 1, negative energy resistance 3, torment resistance 2, heat
vulnerability 1, no potions
a: Renounce Religion, Potion Petition, Call Merchant, Bribe Branch


You were on level 4 of the Lair of Beasts.
You worshipped Gozag.
Gozag was most pleased with you.
You visited 2 branches of the dungeon, and saw 14 of its levels.

You collected 3728 gold pieces.
You paid 2024 gold pieces to Gozag.

Inventory:

Hand Weapons
 b - a +0 long sword
 e - a +1 whip of venom
 g - a +3 vorpal morningstar
Missiles
 m - 2 throwing nets
Armour
 a - a +0 robe (worn)
 f - a +0 buckler (worn)
 r - a +2 cloak (worn)
 y - a +0 helmet (worn)
 A - a +0 pair of gloves (worn)
Magical Staves
 k - a staff of conjuration (weapon)
Jewellery
 c - a ring of protection from fire (left hand)
 d - an amulet of reflection (around neck)
 h - a +4 ring of evasion (right hand)
 p - a ring of resist corrosion
 v - a +6 ring of dexterity
 x - an amulet of magic regeneration
 B - a ring of see invisible
Wands
 j - a wand of paralysis (4)
 n - a wand of polymorph (10)
 u - a wand of iceblast (15)
Scrolls
 i - 3 scrolls of silence
 l - a scroll of magic mapping
 o - 5 scrolls of identify {@r1}
 q - a scroll of immolation
 s - 2 scrolls of fog
 w - a scroll of enchant weapon
 z - a scroll of amnesia
 C - 2 scrolls of torment {unknown}
 D - a scroll of summoning


   Skills:
 - Level 8.3 Fighting
 - Level 1.5 Dodging
 - Level 1.5 Stealth
 - Level 4.0 Shields
 + Level 11.3 Spellcasting
 - Level 10.0 Conjurations
 - Level 5.0 Hexes
 - Level 2.6 Ice Magic
 + Level 2.0 Air Magic
 - Level 9.9 Earth Magic


You had 15 spell levels left.
You knew the following spells:

 Your Spells              Type           Power      Damage    Failure   Level
a - Iron Shot             Conj/Erth      36%        9d7       13%         6
b - Searing Ray           Conj           100%       3d7       1%          2
c - Magic Dart            Conj           100%       1d8       1%          1
d - Freezing Cloud        Conj/Ice/Air   26%        6-21      19%         5
e - Fulminant Prism       Conj/Hex       31%        3d16      2%          4

Your spell library contained the following spells:

 Spells                   Type           Power      Damage    Failure   Level
 Foxfire                  Conj/Fire      100%       2x1d9     1%          1
 Passwall                 Tmut/Erth      29%        N/A       1%          2
 Slow                     Hex            36%        N/A       1%          2
 Confusing Touch          Hex            36%        N/A       1%          3
 Conjure Flame            Conj/Fire      52%        6-21      1%          3
 Dazzling Flash           Conj/Hex       100%       N/A       1%          3
 Stone Arrow              Conj/Erth      100%       3d13      1%          3
 Pain                     Necr           48%        1d6       4%          1
 Corpse Rot               Necr/Air       N/A        N/A       4%          2
 Poisonous Vapours        Pois/Air       34%        N/A       4%          2
 Inner Flame              Hex/Fire       24%        N/A       5%          3
 Swiftness                Air            22%        N/A       6%          3
 Animate Armour           Summ/Erth      70%        N/A       6%          4
 Iskenderun's Mystic Bla  Conj/Tloc      52%        2d11      6%          4
 Bolt of Magma            Conj/Fire/Erth 30%        4d14      9%          5
 Yara's Violent Unravell  Hex/Tmut       12%        3d7       45%         5
 Invisibility             Hex            18%        N/A       69%         6
 Agony                    Necr           12%        N/A       80%         5
 Excruciating Wounds      Necr           6%         N/A       80%         5
 Shatter                  Erth           28%        3d23*     100%        9
 Blade Hands              Tmut           Unusable   N/A       N/A         5

Dungeon Overview and Level Annotations

Branches:
Dungeon (10/15)            Temple (0/1) D:6            Lair (4/6) D:10
 Shoals (0/4) Lair:3        Snake (0/4) Lair:3          Orc (0/2) D:9

Altars:
Gozag

Shops:
D:8 *

Annotations:
D:5 Sigmund
Lair:3 1 runed translucent door, Fannar


Innate Abilities, Weirdness & Mutations

You are immune to poison.
Your flesh is cold resistant. (rC+)
You are immune to negative energy. (rN+++)
You are immune to unholy pain and torment.
You are vulnerable to heat. (rF-)
You do not drink.


Message History

You kill the cane toad!
The basilisk gazes at you.
You are slowing down.
Your magical contamination has completely faded away.
Casting: Freezing Cloud (dangerous; 21% risk of failure)
Confirm with . or Enter, or press ? or * to list all spells.
Aiming: Freezing Cloud (dangerous; 21% risk of failure)
Press: ? - help, Dir - move target, f/p - six-headed hydra
Aim: a six-headed hydra (severely wounded, slow)
You feel a surge of power! That beam is likely to hit you.
Continue anyway?
You are engulfed in freezing vapours.
You resist.
The basilisk is engulfed in freezing vapours.
The six-headed hydra is engulfed in freezing vapours.
You kill the six-headed hydra!
The basilisk is engulfed in freezing vapours.
The basilisk seems to slow down.
The basilisk is distracted by your dazzling golden aura.
Your limbs are stiffening.
Your Air Magic skill increases to level 2!
The cane toad barely misses you.
The basilisk is engulfed in freezing vapours.
The basilisk hisses angrily.
You have turned to stone.
The cane toad stings you!!
* * * LOW HITPOINT WARNING * * *
The basilisk is no longer distracted by gold.
The cane toad stings you.
The basilisk is engulfed in freezing vapours.
You kill the basilisk!
The cane toad stings you!
* * * LOW HITPOINT WARNING * * *
The cane toad stings you!
* * * LOW HITPOINT WARNING * * *
The cane toad stings you but does no damage.
The cane toad stings you!
* * * LOW HITPOINT WARNING * * *
The cane toad stings you!
You die...
Your body crumbles into a pile of gold.

.................
.................
.........$.....$
...:...§.°..#...
........§☼☼.#
........§§###
........§§○#####
..☼.....F§§..#.#
.........@..#.##
...........)..##
...............#
..............#
..............##
#...............##
...............#.#
#.............####
.^...........##


You could see a cane toad.

Vanquished Creatures
  3 hydras
  A death yak (D:9)
  Urug (Lair:2)
  4 two-headed ogres
  A manticore (Lair:3)
  A cyclops (D:10)
  4 elephants (Lair:3)
  A torpor snail (Lair:3)
  Maggie (Lair:2)
  3 black mambas
  2 komodo dragons
  6 cane toads
  A rime drake (Lair:1)
  An efreet (D:10)
  2 trolls
  A wind drake (Lair:3)
  A hornet (D:10)
  5 blink frogs (Lair:3)
  3 dream sheep (Lair:3)
  2 wyverns
  35 yaks
  A basilisk (Lair:4)
  2 vampires
  4 vampire mosquitoes (D:10)
  2 acid dragons (D:10)
  7 water moccasins
  2 orc warriors
  A sky beast (D:7)
  2 ogres
  18 wolves
  6 centaurs
  A phantom (D:6)
  Blork the orc (D:5)
  11 bullfrogs
  A gnoll sergeant (D:9)
  A scorpion (D:6)
  A wyvern skeleton (D:6)
  A wight (D:10)
  4 howler monkeys
  2 bullfrog zombies
  A hound (D:4)
  3 jellies
  2 centaur zombies
  6 orc priests
  3 bullfrog skeletons
  A gnoll shaman (D:6)
  A centaur skeleton (D:6)
  7 orc wizards
  A hell rat (D:10)
  A howler monkey zombie (D:8)
  6 adders
  8 gnolls
  A river rat (D:10)
  An ufetubus (D:7)
  An adder skeleton (D:2)
  5 dart slugs
  28 orcs
  8 bats
  11 endoplasms
  2 giant cockroaches (D:4)
  7 goblins
  8 hobgoblins
  7 jackals
  2 kobolds (D:1)
  7 quokkas
  9 ball pythons
  3 frilled lizards (D:1)
  8 rats
295 creatures vanquished.

Vanquished Creatures (others)
  A centaur zombie (D:10)
  67 fulminant prisms
  32 fungi
  53 plants
153 creatures vanquished.

Grand Total: 448 creatures vanquished

Notes
Turn   | Place    | Note
-------+----------+-------------------------------------------
     0 | D:1      | freelancePsychic the Mummy Conjurer began the quest for the
                  | Orb.
     0 | D:1      | Reached XP level 1. HP: 13/13 MP: 4/4
    63 | D:1      | Reached skill level 3 in Spellcasting
    90 | D:1      | Reached XP level 2. HP: 19/19 MP: 6/6
    93 | D:1      | Learned a level 2 spell: Searing Ray
   856 | D:1      | Reached XP level 3. HP: 24/24 MP: 6/8
  1593 | D:2      | Reached skill level 1 in Fighting
  1907 | D:2      | Reached XP level 4. HP: 32/32 MP: 6/9
  2119 | D:2      | Identified the +7 dagger "Loiggon" {vorpal, *Slow Str+5}
  3577 | D:4      | Reached XP level 5. HP: 39/39 MP: 6/10
  3784 | D:4      | Found an opulent altar of Gozag.
  3797 | D:4      | Became a worshipper of Gozag Ym Sagoz the Greedy
  4418 | D:5      | Entered Level 5 of the Dungeon
  4496 | D:5      | Noticed Blork the orc
  4510 | D:5      | Killed Blork the orc
  4511 | D:5      | Reached skill level 5 in Conjurations
  4511 | D:5      | Reached skill level 1 in Hexes
  4511 | D:5      | Reached XP level 6. HP: 15/47 MP: 0/11
  5127 | D:5      | Noticed Sigmund
  5198 | D:6      | Reached skill level 1 in Shields
  5525 | D:6      | Reached XP level 7. HP: 19/52 MP: 3/12
  6474 | D:6      | Noticed a troll
  6909 | D:6      | Reached XP level 8. HP: 58/58 MP: 9/13
  6942 | D:6      | Found a staircase to the Ecumenical Temple.
  7255 | D:6      | Learned a level 4 spell: Fulminant Prism
  7268 | D:6      | Reached skill level 5 in Hexes
  7409 | D:7      | Reached skill level 4 in Spellcasting
  8234 | D:8      | Reached skill level 5 in Spellcasting
  8463 | D:8      | Found Daidi's CLEARANCE SALE! EVERYTHING MUST GO!.
  8475 | D:8      | Noticed a two-headed ogre
  8490 | D:8      | Killed a two-headed ogre
  8491 | D:8      | Reached skill level 5 in Fighting
  8491 | D:8      | Reached skill level 6 in Spellcasting
  8491 | D:8      | Reached XP level 9. HP: 68/68 MP: 7/18
  8995 | D:8      | Reached skill level 7 in Spellcasting
  9342 | D:9      | Noticed a troll
  9357 | D:9      | Killed a troll
  9744 | D:9      | Noticed a two-headed ogre
  9757 | D:9      | Killed a two-headed ogre
  9758 | D:9      | Reached XP level 10. HP: 79/79 MP: 1/20
  9991 | D:9      | Found a staircase to the Orcish Mines.
 10295 | D:9      | Noticed a two-headed ogre
 10305 | D:9      | Killed a two-headed ogre
 10654 | D:10     | Entered Level 10 of the Dungeon
 10654 | D:10     | Found a staircase to the Lair.
 10654 | D:10     | Noticed a death yak
 10654 | D:10     | Noticed a death yak
 10658 | D:10     | Noticed a death yak
 10723 | D:9      | Killed a death yak
 10724 | D:9      | Reached skill level 1 in Earth Magic
 11248 | D:10     | Noticed a two-headed ogre
 11605 | D:10     | Reached skill level 8 in Spellcasting
 11739 | D:10     | Killed a two-headed ogre
 11828 | D:10     | Reached XP level 11. HP: 87/87 MP: 17/23
 11835 | D:10     | Learned a level 6 spell: Iron Shot
 12020 | D:10     | Reached skill level 5 in Earth Magic
 12664 | D:10     | Noticed a wolf spider
 12666 | D:10     | Noticed a skeletal warrior
 12666 | D:10     | Noticed an orc knight
 13197 | D:10     | Noticed a five-headed hydra
 13197 | D:10     | Noticed a frost giant
 13197 | D:10     | Noticed a two-headed ogre
 13607 | Lair:1   | Entered Level 1 of the Lair of Beasts
 14638 | Lair:1   | Noticed a five-headed hydra
 14648 | Lair:1   | Killed a five-headed hydra
 15206 | Lair:2   | Noticed a five-headed hydra
 15214 | Lair:2   | Killed a five-headed hydra
 15215 | Lair:2   | Reached skill level 9 in Spellcasting
 15365 | Lair:2   | Reached XP level 12. HP: 94/94 MP: 20/25
 15441 | Lair:2   | Noticed Urug
 15458 | Lair:2   | Noticed Maggie
 15462 | Lair:2   | Identified a scroll of acquirement
 15462 | Lair:2   | Acquired 958 gold pieces
 15472 | Lair:2   | Killed Maggie
 15480 | Lair:2   | Killed Urug
 15765 | Lair:2   | Reached skill level 10 in Spellcasting
 17190 | Lair:3   | Reached skill level 10 in Conjurations
 17409 | Lair:3   | Noticed Fannar
 17600 | Lair:2   | Learned a level 5 spell: Freezing Cloud
 17660 | Lair:3   | Reached skill level 1 in Ice Magic
 17984 | Lair:3   | Found a runed translucent door.
 18185 | Lair:3   | Identified the +9 trident of Conservatism {elec, Dex+4}
 18307 | Lair:3   | Found a staircase to the Shoals.
 18333 | Lair:3   | Found a staircase to the Snake Pit.
 18812 | Lair:4   | Noticed a six-headed hydra
 18816 | Lair:4   | Reached skill level 11 in Spellcasting
 18816 | Lair:4   | Reached skill level 1 in Air Magic
 18830 | Lair:4   | Killed a six-headed hydra
 18837 | Lair:4   | Slain by a cane toad

Illustrated notes

Levels and vault maps discovered:
D:1:      minmay_arrival_stair_chambers, layout_loops_corners
D:2:      layout_rooms, kennysheep_small_spiral
D:3:      wander_river, layout_loops_ring
D:4:      layout_loops_cross, nicolae_gozag_seed_capital, dk_rats_in_the_wall
D:5:      layout_basic, uniq_sigmund, uniq_blork_the_orc
D:6:      layout_basic, minmay_temple_entry_enclosed_plants, minmay_liquid_box
D:7:      layout_loops_cross, hangedman_decor_peaks_small, hex_tiny
D:8:      layout_gridville, nicolae_shop_clearance
D:9:      layout_long_grid, erik_orc_3
D:10:     nzn_winding_woodlands_three_and_one [nzn_winding_woodlands_5x15_eye,
          nzn_winding_woodlands_5x15_jagged,
          nzn_winding_woodlands_5x15_river_crossing,
          nzn_winding_woodlands_center_lodge], layout_gridville,
          dpeg_lair_monsters, onia_ninara_dug_in_and_dangerous
Lair:1:   layout_cave_pods
Lair:2:   layout_chaotic_city, serial_bayou_shore_b, uniq_maggie, uniq_urug
Lair:3:   gammafunk_indiana_jones, layout_loops_ring,
          minmay_shoals_entry_beasts, guppyfry_snake_entry_garden,
          hibernation_bobbens, uniq_fannar
Lair:4:   layout_hall_layers, gammafunk_ghost_icy, special_room
          [special_room_mythical_zoo], grunt_forest_small_clearing_treed,
          lemuel_fruit_tree

Skill      XL: |  1  2  3  4  5  6  7  8  9 10 11 12 |
---------------+-------------------------------------+-----
Spellcasting   | 3 6 7 8 9 11 | 11.3
Fighting       | 1 2 3 5 7 8 |  8.3
Conjurations   | 4 5 6 7 8 10 | 10.0
Hexes          | 1 2 4 5 |  5.0
Shields        | 1 3 4 |  4.0
Earth Magic    | 4 9 |  9.9
Ice Magic      | 2 |  2.6
Air Magic      | 2 |  2.0
Dodging        | |  1.5
Stealth        | |  1.5

Action                   |  1- 3 |  4- 6 |  7- 9 | 10-12 || total
-------------------------+-------+-------+-------+-------++-------
Melee: Long sword        |    23 |       |       |       ||    23
       Whip              |    41 |    27 |       |       ||    68
       Morningstar       |       |    15 |     9 |       ||    24
       Staff             |       |       |     1 |    32 ||    33
 Cast: Magic Dart        |    21 |     1 |     3 |     3 ||    28
       Searing Ray       |     9 |    35 |    43 |   108 ||   195
       Fulminant Prism   |       |       |    19 |    48 ||    67
       Freezing Cloud    |       |       |       |     8 ||     8
       Iron Shot         |       |       |       |     4 ||     4
Invok: Potion Petition   |       |       |     1 |     5 ||     6
Evoke: Wand              |       |       |       |     3 ||     3
  Use: Scroll            |     2 |    12 |     1 |     8 ||    23
 Stab: Sleeping          |     1 |     1 |       |       ||     2
       Distracted        |       |       |       |     1 ||     1
Armor: Robe              |    19 |     7 |       |    27 ||    53
Dodge: Dodged            |    45 |    60 |    29 |   128 ||   262
Block: Other             |       |     3 |     4 |       ||     7
       Reflection        |       |     1 |     7 |     2 ||    10
       Buckler           |       |       |    40 |    83 ||   123
       Rpst.: Long sword |     4 |       |       |       ||     4
